 Dungeon Crawl Stone Soup version 0.17.1-1-g73c8601 (webtiles) character file.

243734 MirrMurr the Sorcerer (level 18, -12/94 HPs)
             Began as a Spriggan Enchanter on Dec 25, 2015.
             Was the Champion of Ashenzari.
             Mangled by a juggernaut zombie (70 damage)
             ... in a wizard's laboratory on Dec 27, 2015.
             The game lasted 03:22:46 (55387 turns).

MirrMurr the Sorcerer (Spriggan Enchanter)         Turns: 55387, Time: 03:22:46

Health: -12/94     AC: 26    Str:  4    XL:     18   Next: 71%
Magic:  11/45      EV: 32    Int: 27    God:    Ashenzari [******]
Gold:   476        SH:  9    Dex: 23    Spells: 13 memorised, 20 levels left

rFire  + + .     SeeInvis +     a - +4 dagger (venom) (curse)
rCold  + . .     Clarity  +     j - +7 swamp dragon armour of Qiohae Myog {rPois rF++ rCorr} (curse)
rNeg   . . .     SustAt   .     y - +0 buckler (curse)
rPois  +         Gourm    .     T - +0 hat (curse)
rElec  .         Spirit   .     Y - +0 cloak of Jigsaw {Dex+4} (curse)
rCorr  +         Warding  .     (gloves unavailable)
rMut   .         Stasis   .     (boots unavailable)
MR     +++..                    E - amulet of regeneration (curse)
Stlth  ++++++....               h - ring of protection from cold (curse)
                                S - ring "Jasy" {AC+3 Int+5 SInv} (curse)

@: phasing, stone skin, repel missiles, very quick, extremely resistant to
hostile enchantments, very stealthy
A: unfitting armour, see invisible, herbivore 3, speed 3, shaggy fur 1, slow
metabolism 2
a: Scrying, Transfer Knowledge, Renounce Religion
}: 2/15 runes: decaying, gossamer


You were in a wizard's laboratory.
You worshipped Ashenzari.
Ashenzari was exalted by your worship.
You were not hungry.

You visited 7 branches of the dungeon, and saw 38 of its levels.
You also visited: Labyrinth, Sewer, Ice Cave and Wizlab.

You collected 3334 gold pieces.
You spent 2858 gold pieces at shops.

Inventory:

Hand Weapons
 a - a cursed +4 dagger of venom (weapon)
Missiles
 e - 850 stones
 o - 69 tomahawks
 t - 8 needles of slowing
 F - 2 tomahawks of returning (quivered)
Armour
 j - the cursed +7 swamp dragon armour of Qiohae Myog (worn) {rPois rF++ rCorr}
   (You found it on level 4 of the Swamp)

   It greatly protects you from fire.
   It protects you from poison.
   It protects you from acid and corrosion.
   It has a curse placed upon it.
 y - a cursed +0 buckler (worn)
 T - a cursed +0 hat (worn)
 Y - the cursed +0 cloak of Jigsaw (worn) {Dex+4}
   (You bought it in a shop on level 14 of the Dungeon)

   It affects your dexterity (+4).
   It has a curse placed upon it.
Jewellery
 h - a cursed ring of protection from cold (right hand)
 E - a cursed amulet of regeneration (around neck)
 S - the cursed ring "Jasy" (left hand) {AC+3 Int+5 SInv}
   (You found it on level 7 of the Lair of Beasts)

   [ring of protection]

   It affects your AC (+3).
   It affects your intelligence (+5).
   It lets you see invisible.
   It has a curse placed upon it.
Wands
 v - a wand of heal wounds (4)
 I - a wand of teleportation (3)
 V - a wand of disintegration (10)
 W - a wand of fireball (6)
Scrolls
 c - 3 scrolls of magic mapping
 i - 3 scrolls of identify
 k - a scroll of blinking
 p - 3 scrolls of curse weapon
 q - a scroll of curse jewellery
 x - 10 scrolls of teleportation
 A - 5 scrolls of enchant weapon
 J - 9 scrolls of remove curse
 L - 4 scrolls of fog
 N - 7 scrolls of enchant armour
 U - a scroll of fear
 Z - 4 scrolls of recharging
Potions
 g - 2 potions of agility
 l - 11 potions of curing
 m - 7 potions of invisibility
 n - 5 potions of flight
 r - 7 potions of magic
 s - a potion of resistance
 u - 6 potions of might
 w - 5 potions of heal wounds
 H - 6 potions of brilliance
 P - 2 potions of haste
Books
 b - a book of Conjurations

   Spells                             Type                      Level
   a - Magic Dart                     Conjuration                  1
   b - Searing Ray                    Conjuration                  2
   c - Dazzling Spray                 Conjuration/Hexes            3
   d - Fulminant Prism                Conjuration/Hexes            4
   e - Iskenderun's Mystic Blast      Conjuration                  4
   f - Iskenderun's Battlesphere      Conjuration/Charms           5
Comestibles
 d - 15 bread rations
 f - 13 fruits


   Skills:
 - Level 10.3 Fighting
 - Level 8.4(12.8) Short Blades
 - Level 2.3(5.8) Armour
 - Level 12.0(16.1) Dodging
 - Level 13.0 Stealth
 - Level 4.6(7.5) Shields
 - Level 22.1 Spellcasting
 - Level 7.6(12.1) Conjurations
 - Level 13.7(17.8) Hexes
 - Level 7.6(12.1) Charms
 - Level 6.1(10.6) Translocations
 - Level 9.7(14.0) Transmutations
 - Level 4.3(8.6) Fire Magic
 - Level 4.1(8.3) Ice Magic
 + Level 3.4(7.4) Air Magic
 + Level 3.6(7.7) Earth Magic
 + Level 3.8(7.9) Poison Magic
 - Level 5.9(10.4) Evocations


You had 20 spell levels left.
You knew the following spells:

 Your Spells              Type           Power        Failure   Level  Hunger
a - Ensorcelled Hibernat  Hex/Ice        ######       1%          2    None
b - Confuse               Hex            #######.     0%          3    None
c - Conjure Flame         Conj/Fire      ######..     1%          3    None
d - Dazzling Spray        Conj/Hex       #######.     1%          3    None
e - Iskenderun's Battles  Conj/Chrm      #######.     1%          5    None
f - Sticky Flame          Conj/Fire      ######..     1%          4    None
g - Magic Dart            Conj           ####         1%          1    None
i - Invisibility          Hex            #######.     1%          6    None
m - Mephitic Cloud        Conj/Pois/Air  ######..     1%          3    None
p - Phase Shift           Tloc           ######....   1%          5    None
r - Repel Missiles        Chrm/Air       ######       1%          2    None
s - Stoneskin             Trmt/Erth      ######..     1%          2    None
B - Blink                 Tloc           N/A          1%          2    None


Dungeon Overview and Level Annotations

Branches:
Dungeon (15/15)            Temple (1/1) D:5            Lair (8/8) D:10
  Swamp (4/4) Lair:6       Spider (4/4) Lair:6        Slime (0/6) Lair:8
    Orc (4/4) D:9             Elf (2/3) Orc:3        Vaults (0/5) D:14
 Depths (0/5) D:15

Altars:
Ashenzari
Cheibriados
Dithmenos
Elyvilon
Fedhas
Gozag
Kikubaaqudgha
Makhleb
Nemelex Xobeh
Okawaru
Qazlal
Ru
Sif Muna
Trog
Vehumet
Xom
Yredelemnul
Zin
The Shining One
Beogh
Lugonu

Shops:
D:10 %   D:11 (   D:13 :[=   D:14 [   Orc:2 ([:   Orc:4 [:%

Annotations:
D:3 DeXoteric's ghost, amateur FoWr
D:4 karlm's ghost, amateur DEWz
D:10 food
D:14 exclusion: 2 doors, Frances
Lair:5 come back, exclusion: oklob plant
Lair:6 stuff!!!
Lair:8 Nessos
Swamp:4 come back, Lernaean hydra


Innate Abilities, Weirdness & Mutations

You are tiny and cannot use many weapons and most armour.
You have supernaturally acute eyesight.
You are a herbivore.
You cover ground extremely quickly.
You need consume almost no food.
You are covered in fur (AC +1).


Message History

Your skin hardens.
Casting: Stoneskin
Confirm with . or Enter, or press ? or * to list all spells.
Aiming: Magic Dart
Press: ? - help, Shift-Dir - straight line, f/p - juggernaut zombie
Aim: a juggernaut zombie The magic dart hits the juggernaut zombie.
Your battlesphere fires!
The barrage of energy hits the juggernaut zombie.
Casting: Magic Dart
Confirm with . or Enter, or press ? or * to list all spells.
Aiming: Magic Dart
Press: ? - help, Shift-Dir - straight line, f/p - juggernaut zombie
Aim: a juggernaut zombie The magic dart hits the juggernaut zombie.
Your battlesphere fires!
The barrage of energy hits the juggernaut zombie.
The juggernaut zombie hits you!!!
Ouch! That really hurt!
You die...

, , ,, ,,,
,......., , ,, ,
,, ,,, , .....
,, , , *** *
****
######.######***
** #...........#
#...........#
#....#'#....#
#*.∩.'∩'.∩*.#
#....#'#....#
#..@Z.......#
#...........#
#############


You could see a juggernaut zombie.

Vanquished Creatures
  Arachne (Spider:2)
  Rupert (D:12)
  Agnes (Spider:2)
  2 fire giants
  Donald (Spider:3)
  Maud (Lair:6)
  4 ghost moths
  6 emperor scorpions
  A very ugly thing (Swamp:1)
  Azrael (D:12)
  A deep elf annihilator (Elf:1)
  The ghost of devsta the Thrower, a journeyman HuBe of Trog (Swamp:1)
  A minotaur (Lab)
  A deep elf death mage (Elf:1)
  A fire dragon (Lair:8)
  Josephine (D:11)
  Fannar (Lair:1)
  Harold (D:11)
  2 ghost crabs (Swamp:3)
  29 hydras
  2 dancing weapons (D:14)
  An ogre mage (D:12)
  5 alligators
  5 orc high priests (Orc:4)
  A tengu warrior (D:11)
  16 death yaks
  8 spriggans
  Sonja (D:11)
  8 deep elf knights (Elf:1)
  A fire crab (shapeshifter) (D:15)
  6 unseen horrors
  A spriggan druid (Swamp:4)
  6 deep elf summoners (Elf:1)
  15 swamp dragons
  5 shambling mangroves
  7 hill giants
  A wolf spider zombie (D:14)
  7 orc sorcerers
  5 deep elf conjurers
  4 hornets
  11 orc knights
  16 orb spiders
  39 wolf spiders
  A moth of wrath (Spider:4)
  A cyclops (Orc:3)
  10 ugly things
  2 manticores (D:15)
  A griffon (Lair:7)
  13 elephants
  4 black mambas
  19 spiny frogs
  Psyche (D:9)
  5 torpor snails
  2 kobold demonologists (D:15)
  4 gargoyles
  17 komodo dragons
  A tengu conjurer (D:11)
  7 demonic crawlers
  4 fire drakes
  4 deep elf priests (Elf:1)
  12 polar bears
  4 trolls
  5 giant leeches
  28 jumping spiders
  The ghost of DeXoteric the Cudgeler, an amateur FoWr of Okawaru (D:5)
  17 blink frogs
  A two-headed ogre (Orc:4)
  3 boulder beetles
  16 bog bodies
  9 slime creatures
  A snapping turtle (shapeshifter) (D:14)
  31 tarantellas
  5 wyverns
  48 redbacks
  7 hungry ghosts
  4 wraiths
  44 yaks
  A vampire (D:15)
  20 deep elf fighters
  18 trapdoor spiders
  16 deep elf magi
  Eustachio (D:6)
  Grum (D:11)
  3 basilisks (Lair:8)
  4 fire elementals
  4 shadows
  A steam dragon (Lair:8)
  7 hippogriffs
  6 mottled dragons
  2 wargs
  Menkaure (D:5)
  27 wolves
  19 swamp worms
  12 vampire mosquitoes
  An insubstantial wisp (Swamp:2)
  15 porcupines
  45 orc warriors
  16 water moccasins
  3 phantoms
  A hell hound (D:12)
  A necrophage (D:11)
  14 swamp drakes
  Purgy (Sewer)
  2 black bears (D:7)
  7 ice beasts
  24 spiders
  9 ogres
  A boggart (shapeshifter) (D:15)
  3 sky beasts
  5 centaurs
  37 crocodiles
  20 wasps
  A brain worm (D:15)
  7 big kobolds
  18 giant frogs
  A gnoll sergeant (D:6)
  A water moccasin skeleton (D:5)
  A wyvern skeleton (D:15)
  3 scorpions
  5 wights (D:15)
  21 killer bees
  7 electric eels
  5 crimson imps
  A wasp zombie (D:5)
  3 quasits
  2 giant frog zombies (D:5)
  2 centaur skeletons
  6 giant frog skeletons
  5 hounds
  19 orc wizards
  4 centaur zombies
  8 jellies
  20 iguanas
  42 orc priests
  12 worker ants
  7 sheep (Lair:5)
  A killer bee zombie (D:10)
  A hound zombie (D:7)
  2 hound skeletons
  6 gnolls (D:6)
  A hound simulacrum (D:10)
  54 river rats
  9 adders
  7 shadow imps
  4 white imps (D:10)
  An ufetubus (D:10)
  4 oozes
  4 worms
  13 giant geckos
  175 orcs
  13 bats
  7 giant cockroaches
  8 goblins
  5 hobgoblins
  11 jackals
  26 kobolds
  7 quokkas
  9 ball pythons
  A giant cockroach zombie (D:5)
  13 giant newts
  A jackal zombie (D:7)
  2 quokka skeletons (D:4)
  19 rats
  A fungus (Lair:1)
  2 plants
1517 creatures vanquished.

Vanquished Creatures (collateral kills)
  A redback (Spider:4)
  2 trapdoor spiders (Spider:4)
3 creatures vanquished.

Vanquished Creatures (others)
  A deep elf mage (Elf:1)
  2 yaks (Lair:8)
  A swamp drake (Swamp:4)
  2 wasps (Swamp:4)
  An ogre (D:12)
  A giant frog (D:12)
  5 killer bees (D:12)
  A scorpion (D:12)
  A hound (D:12)
  An orc wizard (D:12)
  2 orcs
  21 fungi
  9 plants
48 creatures vanquished.

Grand Total: 1568 creatures vanquished

Notes
Turn   | Place    | Note
--------------------------------------------------------------
     0 | D:1      | MirrMurr the Spriggan Enchanter began the quest for the Orb.
     0 | D:1      | Reached XP level 1. HP: 9/9 MP: 5/5
   321 | D:1      | Reached skill level 5 in Stealth
   365 | D:1      | Reached XP level 2. HP: 13/13 MP: 6/6
   369 | D:1      | Learned a level 2 spell: Ensorcelled Hibernation
   725 | D:1      | Reached skill level 6 in Stealth
  1461 | D:2      | Found an ancient bone altar of Kikubaaqudgha.
  1493 | D:2      | Reached XP level 3. HP: 16/16 MP: 8/8
  1498 | D:2      | Learned a level 3 spell: Confuse
  1743 | D:2      | Found a bloodstained altar of Trog.
  1872 | D:2      | Reached skill level 7 in Stealth
  2734 | D:2      | Found a basalt altar of Yredelemnul.
  2760 | D:2      | Found a glowing golden altar of the Shining One.
  2762 | D:2      | Noticed an angel
  2888 | D:2      | Reached XP level 4. HP: 21/21 MP: 9/9
  2985 | D:3      | Reached skill level 8 in Stealth
  3127 | D:3      | Noticed DeXoteric's ghost (amateur FoWr)
  3425 | D:3      | Reached XP level 5. HP: 24/24 MP: 9/11
  3430 | D:3      | Learned a level 3 spell: Dazzling Spray
  3863 | D:4      | Noticed karlm's ghost (amateur DEWz)
  3882 | D:4      | Noticed a phantom
  3911 | D:4      | Found a stormy altar of Qazlal.
  3911 | D:4      | Found a snail-covered altar of Cheibriados.
  3912 | D:4      | Found an iron altar of Okawaru.
  4009 | D:4      | Reached skill level 9 in Stealth
  4219 | D:4      | Reached XP level 6. HP: 26/28 MP: 12/12
  4233 | D:4      | Found a glowing drain.
  4239 | Sewer    | Entered a sewer
  4265 | Sewer    | Noticed Purgy
  4277 | Sewer    | Killed Purgy
  4277 | Sewer    | Reached skill level 10 in Stealth
  4832 | D:4      | Found a sparkling altar of Nemelex Xobeh.
  4937 | D:4      | Found a sacrificial altar of Ru.
  4937 | D:4      | Found a radiant altar of Vehumet.
  4962 | D:5      | Entered Level 5 of the Dungeon
  4969 | D:5      | Noticed Menkaure
  5302 | D:4      | Killed a phantom
  5302 | D:4      | Reached skill level 11 in Stealth
  5302 | D:4      | Reached skill level 5 in Spellcasting
  5302 | D:4      | Reached XP level 7. HP: 29/32 MP: 3/15
  5639 | D:5      | Found a glowing golden altar of the Shining One.
  5731 | D:5      | Killed Menkaure
  5731 | D:5      | Reached skill level 12 in Stealth
  5864 | D:5      | Reached XP level 8. HP: 27/36 MP: 13/18
  5870 | D:5      | Reached skill level 13 in Stealth
  5986 | D:5      | Found a staircase to the Ecumenical Temple.
  6002 | Temple   | Entered the Ecumenical Temple
  6020 | Temple   | Became a worshipper of Ashenzari the Shackled
  6134 | D:5      | Killed DeXoteric's ghost
  6134 | D:5      | Reached skill level 5 in Hexes
  6411 | D:6      | Noticed Eustachio
  6436 | D:6      | Killed Eustachio
  7134 | D:6      | Reached XP level 9. HP: 38/53 MP: 21/21
  7252 | D:6      | Reached * piety under Ashenzari
  7666 | D:6      | Reached XP level 10. HP: 53/58 MP: 16/22
  8741 | D:7      | Found a shadowy altar of Dithmenos.
  9071 | D:8      | Noticed a hill giant
  9104 | D:8      | Killed a hill giant
  9583 | D:8      | Reached ** piety under Ashenzari
  9734 | D:9      | Noticed Psyche
  9739 | D:9      | Killed Psyche
  9964 | D:9      | Found a shimmering altar of Xom.
  9964 | D:9      | Found a glowing silver altar of Zin.
  9964 | D:9      | Noticed an angel
  9987 | D:9      | Found a staircase to the Orcish Mines.
 10228 | D:9      | Reached skill level 10 in Hexes
 10308 | D:9      | Identified the +7 plate armour "Yqunt" {+Inv Str+5 SInv}
 10651 | D:10     | Entered Level 10 of the Dungeon
 10856 | D:10     | Found a staircase to the Lair.
 10906 | D:10     | Reached XP level 11. HP: 54/62 MP: 22/25
 11409 | D:10     | Reached *** piety under Ashenzari
 11449 | D:10     | Reached skill level 10 in Spellcasting
 11555 | D:10     | Found Aceus's Food Boutique.
 12288 | Lair:1   | Entered Level 1 of the Lair of Beasts
 12954 | Lair:1   | Reached **** piety under Ashenzari
 13144 | Lair:1   | Noticed Fannar
 13217 | Lair:1   | Killed Fannar
 13816 | Lair:2   | Identified the +3 ring mail "Geduz" {rCorr Dex+5}
 14096 | Lair:2   | Reached XP level 12. HP: 27/66 MP: 17/28
 15301 | Lair:3   | Reached skill level 5 in Short Blades
 15733 | Lair:3   | Reached ***** piety under Ashenzari
 16761 | Lair:4   | Reached skill level 5 in Dodging
 18074 | Lair:5   | Reached ****** piety under Ashenzari
 18191 | Lair:5   | Reached skill level 1 in Ice Magic
 18570 | Lair:6   | Found a staircase to the Swamp.
 18698 | Lair:6   | Found a labyrinth entrance.
 18701 | Lair:6   | Identified the +1 leather armour of the Echidna {MR+ Str+4 Dex-2 Stlth+}
 18710 | Lair:6   | Found a hole to the Spider Nest.
 18765 | Lair:6   | Learned a level 3 spell: Conjure Flame
 18784 | Lab      | Entered a labyrinth
 18895 | Lab      | Reached XP level 13. HP: 70/70 MP: 24/30
 18904 | Lab      | Reached skill level 1 in Conjurations
 19045 | Lab      | Found an exit through the horrors of the Abyss.
 19801 | Lab      | Noticed a minotaur
 19805 | Lab      | Killed a minotaur
 19807 | Lab      | Identified the amulet of Limezy {Spirit +Blink MR- Dex+4}
 19820 | Lab      | Learned a level 5 spell: Phase Shift
 19823 | Lab      | Learned a level 2 spell: Stoneskin
 20108 | Lair:6   | Reached skill level 1 in Translocations
 20268 | Lair:6   | Noticed Maud
 20278 | Lair:6   | Killed Maud
 20278 | Lair:6   | Reached skill level 1 in Transmutations
 20355 | Lair:6   | Noticed an eight-headed hydra
 20362 | Lair:6   | Killed an eight-headed hydra
 20362 | Lair:6   | Reached skill level 1 in Fire Magic
 20362 | Lair:6   | Reached skill level 1 in Earth Magic
 21354 | Orc:1    | Entered Level 1 of the Orcish Mines
 21811 | Orc:2    | Found Firioff's Armour Shoppe.
 21817 | Orc:2    | Found Harum's Book Boutique.
 21906 | Orc:2    | Found Pumial's Antique Weapon Emporium.
 21993 | Orc:2    | Bought a runed dagger for 46 gold pieces
 22036 | Orc:2    | Reached skill level 10 in Dodging
 22262 | Orc:1    | Found a roughly hewn altar of Beogh.
 22322 | Orc:1    | Reached skill level 1 in Evocations
 22540 | Orc:3    | Found a staircase to the Elven Halls.
 22545 | Orc:3    | Found a frozen archway.
 22554 | IceCv    | Entered an ice cave
 22785 | IceCv    | Reached skill level 5 in Translocations
 24104 | Orc:4    | Entered Level 4 of the Orcish Mines
 25758 | Orc:4    | Reached XP level 14. HP: 62/75 MP: 13/31
 26392 | Orc:4    | Reached skill level 5 in Evocations
 27137 | Orc:4    | Found Obiproasi's Armour Shop.
 27138 | Orc:4    | Found Ichiplo's Food Shop.
 27138 | Orc:4    | Found Silen's Food Boutique.
 27139 | Orc:4    | Found Gyliojutz's Book Shop.
 27328 | Orc:4    | Bought a slice of pizza for 19 gold pieces
 27328 | Orc:4    | Bought a bread ration for 65 gold pieces
 27331 | Orc:4    | Bought a book of Minor Magic for 280 gold pieces
 27334 | Orc:4    | Learned a level 2 spell: Blink
 27338 | Orc:4    | Learned a level 3 spell: Mephitic Cloud
 27341 | Orc:4    | Learned a level 2 spell: Repel Missiles
 27702 | Lair:4   | Reached skill level 1 in Charms
 27712 | Lair:4   | Reached skill level 1 in Air Magic
 27712 | Lair:4   | Reached skill level 1 in Poison Magic
 28905 | Lair:7   | Identified a scroll of acquirement
 28905 | Lair:7   | Identified the cursed +3 robe "Piyggigu" {rPois rF++} (You acquired it on level 7 of the Lair of Beasts)
 29097 | Lair:7   | Reached skill level 14 in Spellcasting
 29196 | Lair:7   | Identified the ring "Jasy" {AC+3 Int+5 SInv}
 29904 | Lair:8   | Entered Level 8 of the Lair of Beasts
 29996 | Lair:8   | Noticed Nessos
 30063 | Lair:8   | Found a staircase to the Slime Pits.
 30675 | Lair:8   | Reached skill level 5 in Charms
 30688 | Lair:8   | Gained mutation: You are covered in fur (AC +1). [potion of beneficial mutation]
 30871 | Lair:8   | Identified the +4 scale mail of Ashenzari's Wrath {*Corrode MR+ Str+4 SInv}
 30888 | Lair:8   | Found a shimmering altar of Xom.
 31424 | Lair:7   | Reached XP level 15. HP: 50/79 MP: 15/34
 31828 | D:11     | Noticed Sonja
 31831 | D:11     | Killed Sonja
 31892 | D:11     | Noticed Harold
 31912 | D:11     | Killed Harold
 32255 | D:11     | Reached skill level 15 in Spellcasting
 32294 | D:11     | Found Wiogih's Antique Weapon Shoppe.
 32311 | D:11     | Noticed Josephine
 32317 | D:11     | Killed Josephine
 32320 | D:11     | Noticed Grum
 32353 | D:11     | Reached skill level 5 in Transmutations
 33427 | D:12     | Noticed Rupert
 33445 | D:12     | Noticed Azrael
 33785 | D:11     | Killed Grum
 33917 | D:12     | Found a shimmering altar of Xom.
 34396 | D:12     | Killed Azrael
 34420 | D:12     | Identified the +3 ring mail "Xaghomal" {rPois Str-4 Int+2 Dex-4}
 35129 | D:12     | Found a shadowy altar of Dithmenos.
 35283 | D:12     | Killed Rupert
 35593 | D:13     | Found Tiku Roc's Antique Armour Shop.
 35598 | D:13     | Bought an embroidered robe for 19 gold pieces
 35619 | D:13     | Found Duycash's Book Emporium.
 35627 | D:13     | Bought a book of Party Tricks for 850 gold pieces
 35636 | D:13     | Learned a level 6 spell: Invisibility
 36135 | D:13     | Found Lebeiwen's Jewellery Shop.
 36328 | D:14     | Noticed Frances
 36423 | D:14     | Found a gate to the Vaults.
 36622 | D:14     | Found Rathreole's Antique Armour Emporium.
 36629 | D:14     | Bought a wizard robe for 153 gold pieces
 36629 | D:14     | Identified the +1 robe of Oblivion {rF+} (You bought it in a shop on level 14 of the Dungeon)
 36629 | D:14     | Bought an encrusted cloak for 256 gold pieces
 36636 | D:14     | Identified the +0 cloak of Jigsaw {Dex+4} (You bought it in a shop on level 14 of the Dungeon)
 36667 | D:14     | Reached skill level 16 in Spellcasting
 37378 | D:15     | Entered Level 15 of the Dungeon
 37386 | D:15     | Found a staircase to the Depths.
 37762 | D:15     | Found a white marble altar of Elyvilon.
 38001 | D:15     | Reached skill level 17 in Spellcasting
 38001 | D:15     | Reached XP level 16. HP: 71/84 MP: 34/38
 39260 | Spider:1 | Entered Level 1 of the Spider Nest
 40134 | Spider:2 | Reached skill level 1 in Shields
 40134 | Spider:2 | Reached skill level 18 in Spellcasting
 40512 | Spider:2 | Noticed Agnes
 40516 | Spider:2 | Killed Agnes
 40544 | Spider:2 | Learned a level 4 spell: Sticky Flame
 40614 | Spider:2 | Noticed Arachne
 41135 | Spider:2 | Killed Arachne
 42109 | Spider:3 | Noticed Donald
 42121 | Spider:3 | Killed Donald
 42121 | Spider:3 | Reached skill level 10 in Fighting
 42442 | Spider:3 | Reached XP level 17. HP: 89/89 MP: 40/40
 42740 | Spider:4 | Entered Level 4 of the Spider Nest
 43030 | Spider:3 | Reached skill level 19 in Spellcasting
 44636 | Spider:4 | Reached skill level 20 in Spellcasting
 45010 | Spider:4 | Got a gossamer rune of Zot
 45445 | Swamp:1  | Entered Level 1 of the Swamp
 45704 | D:13     | Bought an uncursed ring of protection from cold for 375 gold pieces
 46092 | Lair:6   | Reached skill level 21 in Spellcasting
 47301 | Swamp:1  | Noticed devsta's ghost (journeyman HuBe)
 47321 | Swamp:1  | Killed devsta's ghost
 48379 | Swamp:2  | Reached skill level 22 in Spellcasting
 48939 | Swamp:2  | Reached XP level 18. HP: 94/94 MP: 15/45
 50373 | Swamp:3  | Reached skill level 5 in Conjurations
 50560 | Swamp:4  | Entered Level 4 of the Swamp
 50726 | Swamp:4  | Identified the +7 swamp dragon armour of Qiohae Myog {rPois rF++ rCorr}
 51389 | Swamp:4  | Noticed the 27-headed Lernaean hydra
 51408 | Swamp:4  | Got a decaying rune of Zot
 51793 | D:13     | Bought an uncursed ring of protection from fire for 375 gold pieces
 52702 | Elf:1    | Entered Level 1 of the Elven Halls
 52815 | Orc:4    | Bought a book of Conjurations for 420 gold pieces
 52821 | Orc:4    | Learned a level 5 spell: Iskenderun's Battlesphere
 52823 | Orc:4    | Learned a level 1 spell: Magic Dart
 53017 | Elf:1    | Reached skill level 1 in Armour
 55252 | Elf:2    | Found a magical portal.
 55299 | WizLab   | Entered Doroklohe's Tomb
 55387 | WizLab   | Mangled by a juggernaut zombie

Action                   |  1- 3 |  4- 6 |  7- 9 | 10-12 | 13-15 | 16-18 || total
-------------------------+-------+-------+-------+-------+-------+-------++-------
Melee: Dagger            |   142 |   152 |   118 |   855 |  1786 |  1416 ||  4469
Throw: Stone             |     4 |       |       |       |       |       ||     4
       Tomahawk          |       |       |       |       |     3 |       ||     3
 Cast: Confuse           |       |     8 |    18 |    28 |    98 |    35 ||   187
       Corona            |       |     4 |       |     1 |       |       ||     5
       Ensorcelled Hiber |       |       |     5 |   120 |   333 |   216 ||   674
       Dazzling Spray    |       |       |     7 |    94 |   165 |   185 ||   451
       Conjure Flame     |       |       |       |       |    12 |    27 ||    39
       Invisibility      |       |       |       |       |     2 |    10 ||    12
       Mephitic Cloud    |       |       |       |       |     2 |    17 ||    19
       Blink             |       |       |       |       |     1 |     6 ||     7
       Repel Missiles    |       |       |       |       |     1 |       ||     1
       Sticky Flame      |       |       |       |       |       |     7 ||     7
       Stoneskin         |       |       |       |       |       |    15 ||    15
       Phase Shift       |       |       |       |       |       |    10 ||    10
       Magic Dart        |       |       |       |       |       |   120 ||   120
       Iskenderun's Batt |       |       |       |       |       |    23 ||    23
Evoke: Wand              |       |       |       |     2 |     5 |       ||     7
  Use: Scroll            |     5 |     6 |     6 |    12 |    10 |    13 ||    52
       Potion            |       |       |     1 |       |     1 |     4 ||     6
 Stab: Sleeping          |    13 |    17 |    18 |   115 |   247 |   195 ||   605
       Distracted        |     1 |       |     3 |     4 |    12 |    11 ||    31
       Confused          |       |     4 |     7 |    19 |    45 |    27 ||   102
       Invisible         |       |       |       |    17 |    37 |   108 ||   162
  Eat: Bread ration      |       |     1 |       |     1 |       |     2 ||     4
       Fruit             |       |       |       |    15 |    27 |    14 ||    56
       Pizza             |       |       |       |       |     2 |     2 ||     4
